 Dungeon Crawl Stone Soup version 0.28-a0-674-gdaf460b524 (webtiles) character file.

Game seed: 9428501617795056387

390 bande the Chopper (level 6, -15/39 HPs)
             Began as a Gargoyle Fighter on Oct 17, 2021.
             Demolished by an ogre (20 damage)
             ... on level 4 of the Dungeon.
             The game lasted 00:05:26 (4543 turns).

bande the Chopper (Gargoyle Fighter)                Turns: 4543, Time: 00:05:27

Health: -15/39     AC: 11    Str: 20    XL:     6   Next: 80%
Magic:  6/6        EV:  9    Int:  9    God:
Gold:   339        SH:  0    Dex: 10    Spells: 5/5 levels left

rFire   . . .      SeeInvis +   a - +1 war axe (flame)
rCold   . . .      Faith    .   c - +0 buckler
rNeg    + . .      Spirit   .   b - +0 scale mail
rPois   ∞          Reflect  .   (no helmet)
rElec   +          Harm     .   (no cloak)
rCorr   .          Rampage  .   (no gloves)
Will    .....                   (no boots)
Stlth   ..........              (no amulet)
HPRegen 0.13/turn               l - ring of see invisible
MPRegen 0.10/turn               (no ring)

@: confused, ambrosia-drunk
A: sickness immunity, AC +4, negative energy resistance 1, electricity
resistance, torment resistance 1, petrification resistance
a: no special abilities


You were on level 4 of the Dungeon.
You visited 1 branch of the dungeon, and saw 4 of its levels.
You also visited: Ossuary.

You collected 339 gold pieces.

Inventory:

Hand Weapons
 a - a +1 war axe of flaming (weapon)
Armour
 b - a +0 scale mail (worn)
 c - a +0 buckler (worn)
 u - a +0 tower shield
Jewellery
 l - a ring of see invisible (left hand)
Scrolls
 e - a scroll of enchant weapon
 f - a scroll of brand weapon
 i - a scroll of summoning
 p - a scroll of silence
 q - a scroll of blinking
 t - 2 scrolls of teleportation
Potions
 d - a potion of might
 h - a potion of heal wounds {unknown}
 j - a potion of mutation {unknown}
 k - a potion of brilliance
 m - 2 potions of curing {unknown}
 n - a potion of berserk rage {unknown}
 o - a potion of flight {unknown}
 r - 2 potions of lignification {unknown}
 s - a potion of degeneration {unknown}


   Skills:
 + Level 4.5 Fighting
 + Level 4.7 Axes
 + Level 4.7 Armour
 + Level 3.8 Shields


You had 5 spell levels left.
You didn't know any spells.
Your spell library contained the following spells:

 Spells                   Type           Power      Damage    Failure   Level
 Conjure Flame            Conj/Fire      0%         6-21      98%         3
 Ignite Poison            Fire/Tmut/Pois 0%         N/A       98%         3
 Sticky Flame             Conj/Fire      0%         2d3       100%        4
 Summon Forest            Summ/Tloc      0%         N/A       100%        5
 Summon Mana Viper        Hex/Summ       0%         N/A       100%        5
 Summon Cactus Giant      Summ           0%         N/A       100%        6


Dungeon Overview and Level Annotations

Branches:
Dungeon (4/15)            Ossuary (visited)
 Temple: D:4-7

Altars:


Innate Abilities, Weirdness & Mutations

You are immune to sickness and miasma.
Your stone body is resilient. (AC +4)
You are immune to poison.
You resist negative energy. (rN+)
You are resistant to electric shocks. (rElec)
You are resistant to unholy torment.
You are immune to petrification.


Message History

No reachable target in view!
No reachable target in view!
No reachable target in view!
No reachable target in view!
No reachable target in view!
No reachable target in view!
An adder is nearby!
Found a golden ring.
There is a stone staircase leading down here.
There is an escape hatch in the ceiling here.
t - 2 scrolls of teleportation (gained 1)
An adder is nearby!
No reachable target in view!
Found 13 poisoned darts.
An ogre comes into view. It is wielding a +0 giant club.
The ogre shouts!
You see here a ring of see invisible.
l - a ring of see invisible There's nothing to open nearby.
l - a ring of see invisible (left hand)
You hit the ogre. You burn the ogre.
The ogre is moderately wounded.
The ogre hits you with a +0 giant club!!
Ouch! That really hurt!
You slash the ogre! You burn the ogre.
The ogre is severely wounded.
The ogre hits you with a +0 giant club.
* * * LOW HITPOINT WARNING * * *
You completely miss the ogre.
The ogre is severely wounded.
The ogre hits you with a +0 giant club!
* * * LOW HITPOINT WARNING * * *
You hit the ogre. You burn the ogre.
The ogre is almost dead.
The ogre closely misses you.
You are confused.
You feel invigorated.
The ogre hits you with a +0 giant club!!
Ouch! That really hurt!
You die...

##,*,,,****,**,**,,,,##.####..#.[
,*,***,,,*,,*,,*,,,,.#.,#.....'..
**,,,***,,,**,**,,,,##.*#.....#..
*,,*,,,***,*,,,*,*,,#..##+###'###
*,****,,,**##*,,,***#.*#...>...#.
,,*,,*,*,,,#.##*,,,*..#........#.
,**,,,,**,##...###,,.##........#'
,*,,,,,*,,#..#S..###.##..........
**,,,,**,##.####@O.#.######......
,***,,*,,#.....###...#....#......
,,,****,*#.##...(##.##....#......
**,,,*,,*..#.....#..####.##......
,***,,,**.##....##.#####.#....###
,,****,,,..###..#..#.....#....#
,,*,,****#...####.##.....'....#
,,+,,,,,,###...#..#......#....#
,,############...##'######....#**


You could see an ogre and an adder.

Vanquished Creatures
  An ogre (D:4)
  A hound (D:4)
  An orc priest (D:1)
  3 orc wizards
  8 mummies (Ossuary)
  A worm (D:2)
  A dart slug (D:3)
  4 orcs
  6 bats
  2 endoplasms
  2 giant cockroaches
  2 gnoll zombies (Ossuary)
  5 goblins
  7 hobgoblins
  4 jackals (D:1)
  A quokka (D:2)
  7 ball pythons
  7 frilled lizards
  2 hobgoblin zombies (Ossuary)
  4 kobolds
  2 kobold zombies (Ossuary)
  2 orc zombies (Ossuary)
  3 rats (D:1)
76 creatures vanquished.

Vanquished Creatures (others)
  A plant (D:1)
1 creature vanquished.

Grand Total: 77 creatures vanquished

Notes
Turn   | Place    | Note
-------+----------+-------------------------------------------
     0 | D:1      | bande the Gargoyle Fighter began the quest for the Orb.
     0 | D:1      | Reached XP level 1. HP: 14/14 MP: 1/1
    91 | D:1      | Reached XP level 2. HP: 13/19 MP: 2/2
   657 | D:1      | Found a faded altar of an unknown god.
  1174 | D:2      | Reached XP level 3. HP: 23/23 MP: 3/3
  1620 | D:2      | Reached XP level 4. HP: 16/29 MP: 4/4
  2018 | D:2      | Reached XP level 5. HP: 31/33 MP: 5/5
  3179 | D:4      | Found a sand-covered staircase.
  3188 | Ossuary  | Entered an ossuary
  3245 | Ossuary  | Reached XP level 6. HP: 29/38 MP: 6/6
  4543 | D:4      | Demolished by an ogre

Illustrated notes

Levels and vault maps discovered:
D:1:      scummos_arrival_checkerplants, layout_rooms,
          hellmonk_ecumenical_altar_lost_god, serial_bayou_lagoon_b
D:2:      layout_basic, serial_glass, glass_columns_c, glass_columns_a,
          glass_columns_b, glass_columns_b, st_stairs_8, nrook_campfire,
          minmay_tripent
D:3:      layout_rooms
D:4:      minmay_skewed_foursquare, layout_gridville,
          nicolae_ossuary_entry_ruins, uniq_menkaure

Skill      XL: |  1  2  3  4  5 |
---------------+----------------+-----
Axes           | 2 3 4 |  4.7
Armour         | 4 |  4.7
Fighting       | 4 |  4.5
Shields        | |  3.8

Action                   |  1- 3 |  4- 6 || total
-------------------------+-------+-------++-------
Melee: War axe           |   117 |   140 ||   257
  Use: Scroll            |       |    14 ||    14
       Potion            |       |     1 ||     1
Armor: Scale mail        |    68 |    62 ||   130
Dodge: Dodged            |    61 |    58 ||   119
Block: Buckler           |    23 |    27 ||    50

Table legend: (Time is in decaauts)
 A = Elapsed time spent in this place.
 B = Non-inter-level travel time spent in this place.
 C = Inter-level travel time spent in this place.
 D = Time resting spent in this place.
 E = Time spent auto-exploring this place.
 F = Levels seen in this place.
 G = Mean time per level.
                   A        B        C        D        E       F      G
               +--------+--------+--------+--------+--------+-----+--------+
         Total |   4651 |   4603 |     48 |   1093 |   2731 |   5 |  930.2 |
       Dungeon |   3993 |   3945 |     48 |    823 |   2434 |   4 |  998.2 |
       Ossuary |    658 |    658 |      0 |    270 |    297 |   1 |  658.0 |
               +--------+--------+--------+--------+--------+-----+--------+

Top non-repeatable levels by time:
     D:1: 1499 daAuts
     D:2: 1073 daAuts
     D:4: 826 daAuts
 Ossuary: 658 daAuts
     D:3: 594 daAuts
